 Dungeon Crawl Stone Soup version 0.28-a0-1142-gc8569940dd (webtiles) character file.

Game seed: 11006490169141329484

36 Essalna the Firebug (level 3, -3/23 (24) HPs)
             Began as a Demonspawn Fire Elementalist on Dec 13, 2021.
             Slain by Crazy Yiuf (11 damage)
             ... on level 3 of the Dungeon.
             The game lasted 00:02:26 (2420 turns).

Essalna the Firebug (Demonspawn Fire Elementalist)  Turns: 2420, Time: 00:02:27

HP:   -3/23 (24)    AC:  2    Str:  8    XL:     3   Next: 19%
MP:   4/6           EV: 16    Int: 18    God:
Gold: 103           SH:  4    Dex: 13    Spells: 6/7 levels left

rFire   . . .      SeeInvis .   b - +1 dagger (flame)
rCold   . . .      Faith    .   (no shield)
rNeg    . . .      Spirit   .   a - +0 robe
rPois   .          Reflect  .   (no helmet)
rElec   .          Harm     .   (no cloak)
rCorr   .          Rampage  .   (no gloves)
Will    .....                   (no boots)
Stlth   ++........              (no amulet)
HPRegen 0.07/turn               c - +4 ring of evasion
MPRegen 0.10/turn               (no ring)

@: lightly drained
A: condensation shield
a: no special abilities


You were on level 3 of the Dungeon.
You visited 1 branch of the dungeon, and saw 3 of its levels.

You collected 103 gold pieces.

Inventory:

Hand Weapons
 b - a +1 dagger of flaming (weapon)
Armour
 a - a +0 robe (worn)
Jewellery
 c - a +4 ring of evasion (left hand)
Scrolls
 d - a scroll of enchant weapon {unknown}
 e - 2 scrolls of identify {unknown}
 f - a scroll of vulnerability {unknown}
Potions
 g - a potion of heal wounds {unknown}
 h - a potion of mutation {unknown}
 i - a potion of curing {unknown}
 j - a potion of brilliance {unknown}
 k - a potion of might {unknown}


   Skills:
 - Level 1.7 Dodging
 - Level 1.7 Stealth
 + Level 2.5 Spellcasting
 + Level 2.0 Conjurations
 + Level 3.1 Fire Magic


You had 6 spell levels left.
You knew the following spells:

 Your Spells              Type           Power      Damage    Failure   Level
a - Foxfire               Conj/Fire      44%        2x1d6     6%          1

Your spell library contained the following spells:

 Spells                   Type           Power      Damage    Failure   Level
 Scorch                   Fire           26%        2d6       7%          2
 Conjure Flame            Conj/Fire      11%        6-21      19%         3
 Inner Flame              Hex/Fire       7%         N/A       26%         3
 Flame Wave               Conj/Fire      11%        2d5       52%         4


Dungeon Overview and Level Annotations

Branches:
Dungeon (3/15)

Altars:

Annotations:
D:3 1 runed translucent door, Crazy Yiuf


Innate Abilities, Weirdness & Mutations

A meltable shield of frost defends you. (SH +4)


Message History

You kill the hobgoblin!
Your foxfire dissipates!
Your magical contamination has completely faded away.
Key pressed, stopping explore.
No target in view!
Key pressed, stopping explore.
No target in view!
k - an inky potion You now have 103 gold pieces (gained 4).
Key pressed, stopping explore.
Key pressed, stopping explore.
Key pressed, stopping explore.
Done exploring.
Done exploring.
Done exploring.
You see here 19 stones.
There is an open door here.
You open the door.
There is an open door here.
There is an escape hatch in the floor here.
You slide downwards.
The hatch slams shut behind you.
Found a mace.
Found a runed translucent door.
You conjure some foxfire!
Crazy Yiuf shouts!
Crazy Yiuf hits you with a +4 quarterstaff of chaos!
Ouch! That really hurt!
Crazy Yiuf freezes you.
You are too injured to fight recklessly!
You are too injured to fight recklessly!
You are too injured to fight recklessly!
You closely miss Crazy Yiuf.
The foxfire hits Crazy Yiuf but does no damage.
The foxfire hits Crazy Yiuf.
Crazy Yiuf is lightly wounded.
Crazy Yiuf completely misses you.
Casting: Foxfire (safe; 6% risk of failure)
Confirm with . or Enter, or press ? or * to list all spells.
You conjure some foxfire!
Crazy Yiuf hits you with a +4 quarterstaff of chaos!
You die...

#####
#)..###
#gv.+.#
#@v.#
#####


You could see Crazy Yiuf (ally target).

Vanquished Creatures
  A dart slug (D:1)
  3 ball pythons (D:1)
  An endoplasm (D:1)
  3 giant cockroaches
  2 goblins
  7 hobgoblins
  3 kobolds (D:2)
  A quokka (D:1)
  4 bats
  2 frilled lizards
  3 rats (D:2)
30 creatures vanquished.

Vanquished Creatures (collateral kills)
  A foxfire (D:2)
1 creature vanquished.

Vanquished Creatures (others)
  88 foxfires
88 creatures vanquished.

Grand Total: 119 creatures vanquished

Notes
Turn   | Place    | Note
-------+----------+-------------------------------------------
     0 | D:1      | Essalna the Demonspawn Fire Elementalist began the quest
                  | for the Orb.
     0 | D:1      | Reached XP level 1. HP: 13/13 MP: 3/3
   330 | D:1      | Found a faded altar of an unknown god.
   415 | D:1      | Gained mutation: A meltable shield of frost defends you.
                  | (SH +4) [demonic ancestry]
   415 | D:1      | Reached XP level 2. HP: 11/19 MP: 0/5
  1052 | D:1      | Reached skill level 3 in Fire Magic
  1693 | D:2      | Reached XP level 3. HP: 19/24 MP: 2/6
  2417 | D:3      | Noticed Crazy Yiuf
  2417 | D:3      | Found a runed translucent door.
  2420 | D:3      | Slain by Crazy Yiuf

Illustrated notes

Levels and vault maps discovered:
D:1:      psy_arrival_radial01, layout_basic, hellmonk_ecumenical_altar_zigzags
D:2:      layout_loops_corners
D:3:      layout_basic, kennysheep_flooded_box, kennysheep_generic_room_15,
          uniq_crazy_yiuf_cottage, uniq_sigmund

Skill      XL: |  1  2  3 |
---------------+----------+-----
Fire Magic     | 3 |  3.1
Conjurations   | 2 |  2.0
Dodging        | |  1.7
Stealth        | |  1.7
Spellcasting   | |  2.5

Action                   || total
-------------------------++-------
Melee: Dagger            ||    62
 Cast: Foxfire           ||    53
 Stab: Sleeping          ||     1
Armor: Robe              ||    12
Dodge: Dodged            ||    69
Block: Other             ||    14

Table legend: (Time is in decaauts)
 A = Elapsed time spent in this place.
 B = Non-inter-level travel time spent in this place.
 C = Inter-level travel time spent in this place.
 D = Time resting spent in this place.
 E = Time spent auto-exploring this place.
 F = Levels seen in this place.
 G = Mean time per level.
                   A        B        C        D        E       F      G
               +--------+--------+--------+--------+--------+-----+--------+
         Total |   2418 |   2324 |     94 |      0 |   2075 |   3 |  806.0 |
       Dungeon |   2418 |   2324 |     94 |      0 |   2075 |   3 |  806.0 |
               +--------+--------+--------+--------+--------+-----+--------+

Top non-repeatable levels by time:
     D:2: 1230 daAuts
     D:1: 1185 daAuts
     D:3: 2 daAuts
